 Dungeon Crawl Stone Soup version 0.27.1 (webtiles) character file.

Game seed: 5915890038582288132

136 sizableburger the Magician (level 5, -2/35 HPs)
             Began as a Human Hedge Wizard on July 31, 2021.
             Was a Believer of Nemelex Xobeh.
             Killed from afar by an orc wizard (8 damage)
             ... with a puff of flame
             ... on level 3 of the Dungeon on Aug 22, 2021.
             The game lasted 00:11:31 (3950 turns).

sizableburger the Magician (Human Hedge Wizard)     Turns: 3950, Time: 00:11:34

Health: -2/35      AC:  2    Str: 11    XL:     5   Next: 43%
Magic:  3/9        EV: 12    Int: 15    God:    Nemelex Xobeh [**....]
Gold:   72         SH:  0    Dex: 12    Spells: 4/10 levels left

rFire    . . .     SeeInvis .   a - +0 dagger
rCold    . . .     Faith    .   (no shield)
rNeg     . . .     Spirit   .   b - +0 robe
rPois    .         Reflect  .   c - +0 hat
rElec    .         Harm     .   (no cloak)
rCorr    +         Rampage  .   (no gloves)
Will     .....                  (no boots)
Stlth    ++........             (no amulet)
HPRegen  0.11/turn              d - ring of resist corrosion
MPRegen  0.11/turn              (no ring)

@: no status effects
A: no striking features
a: Renounce Religion, Draw Escape, Draw Destruction, Draw Summoning


You were on level 3 of the Dungeon.
You worshipped Nemelex Xobeh.
Nemelex Xobeh was pleased with you.
You visited 1 branch of the dungeon, and saw 3 of its levels.

You collected 72 gold pieces.

Inventory:

Hand Weapons
 a - a +0 dagger (weapon)
Missiles
 l - 6 boomerangs
Armour
 b - a +0 robe (worn)
 c - a +0 hat (worn)
Jewellery
 d - a ring of resist corrosion (left hand)
Scrolls
 h - a scroll of enchant armour
 j - a scroll of magic mapping {unknown}
 k - a scroll of fear {unknown}
Potions
 e - 3 potions of curing
 f - a potion of brilliance
 g - a potion of ambrosia
 i - a potion of lignification {unknown}


   Skills:
 + Level 2.0 Short Blades
 - Level 2.0 Dodging
 - Level 2.0 Stealth
 - Level 3.1 Spellcasting
 - Level 2.0 Conjurations
 - Level 2.0 Summonings
 - Level 1.0 Translocations
 + Level 1.2 Air Magic
 + Level 1.2 Poison Magic
 + Level 1.9 Invocations


You had 4 spell levels left.
You knew the following spells:

 Your Spells              Type           Power      Damage    Failure   Level
a - Magic Dart            Conj           32%        1d4       9%          1
b - Call Imp              Summ           8%         N/A       13%         2
c - Mephitic Cloud        Conj/Pois/Air  6%         N/A       32%         3

Your spell library contained the following spells:

 Spells                   Type           Power      Damage    Failure   Level
 Foxfire                  Conj/Fire      20%        2x1d5     13%         1
 Blink                    Tloc           N/A        N/A       21%         2
 Slow                     Hex            2%         N/A       30%         2
 Conjure Flame            Conj/Fire      5%         6-21      36%         3
 Dazzling Flash           Conj/Hex       10%        N/A       36%         3
 Inner Flame              Hex/Fire       2%         N/A       52%         3
 Iskenderun's Mystic Bla  Conj/Tloc      6%         2d4       71%         4
 Starburst                Conj/Fire      2%         6d3       100%        6


Dungeon Overview and Level Annotations

Branches:
Dungeon (3/15)

Altars:
Nemelex Xobeh


Message History

The orc wizard casts a spell.
The orc wizard flickers and vanishes!
Deactivating autopickup; reactivate with Ctrl-A.
The hobgoblin hits you but does no damage.
Casting: Call Imp (safe; 13% risk of failure)
Confirm with . or Enter, or press ? or * to list all spells.
A shadowy apparition takes form in the air.
The hobgoblin misses you.
Unknown command.
You closely miss the hobgoblin.
The orc priest shouts!
The hobgoblin hits you.
You hit the hobgoblin.
The hobgoblin is heavily wounded.
Your crimson imp blinks!
The orc priest invokes the aid of Beogh against you.
Beogh smites you!
Your crimson imp hits the hobgoblin.
The hobgoblin dies!
Unknown command.
You hit something but do no damage.
Your shadow imp completely misses something.
You closely miss the orc.
The orc is lightly wounded.
Your shadow imp barely misses the orc.
Your crimson imp hits the orc.
You hit the orc.
The orc is heavily wounded.
Your shadow imp hits the orc but does no damage.
The orc priest calls down the wrath of Beogh upon you.
Beogh smites you!
* * * LOW HITPOINT WARNING * * *
Your crimson imp hits the orc.
The orc dies!
You draw a card...
You have drawn the Cloud.
Clouds appear around you!
The deck of cards disappears without a trace.
Your shadow imp gestures at your crimson imp.
You hear some strange, mumbled words.
A puff of flame appears from out of thin air!
The puff of flame hits you!
You die...
Your body disappears without a glow.

####.# #....##.....## ... .....#
#...##8.....8## ..#
########..##.........###.#
##.....#..#8.........8##.##.####
..........'.....[.....+........+
......<...#8.........8#..#....##
##.###....##.........##..# ...#
##.# #....'##8...5.8##..## ..#
...# ##...####.5@5.##.... ...
#### #...# ##8{8##..#.# ... ####
#...# ##'####.#.##...# . ...#
##### #..###..o........ ...#
#.§o##..#..#....( ...#
#..§##..#..'..... ####
#[......#.##...o#
#................
#......##.##.####


You could see an orc priest, 2 friendly crimson imps and a friendly shadow imp
(summoned).

Vanquished Creatures
  A worm (D:2)
  A dart slug (D:2)
  An orc (D:3)
  3 bats
  2 endoplasms (D:2)
  A giant cockroach (D:1)
  9 goblins
  6 hobgoblins
  3 ball pythons
  2 frilled lizards
  3 kobolds
  4 rats
  A spectral kobold (D:1)
37 creatures vanquished.

Vanquished Creatures (collateral kills)
  A necrophage (D:3)
  2 adders
  A dart slug (D:1)
  An orc (D:3)
  2 endoplasms (D:1)
  2 goblins (D:1)
  2 hobgoblins
  A frilled lizard (D:1)
  3 kobolds (D:2)
15 creatures vanquished.

Grand Total: 52 creatures vanquished

Notes
Turn   | Place    | Note
-------+----------+-------------------------------------------
     0 | D:1      | sizableburger the Human Hedge Wizard began the quest for
                  | the Orb.
     0 | D:1      | Reached XP level 1. HP: 13/13 MP: 4/4
     2 | D:1      | Upgraded the game from 0.27.0-1-g7a089689b8 to
                  | 0.27.0-65-ge2af304b15
   311 | D:1      | Found a faded altar of an unknown god.
   379 | D:1      | Became a worshipper of Nemelex Xobeh the Trickster
   379 | D:1      | Reached * piety under Nemelex Xobeh
   379 | D:1      | Received a gift from Nemelex Xobeh
   542 | D:1      | Reached XP level 2. HP: 18/19 MP: 0/6
   614 | D:1      | Learned a level 2 spell: Call Imp
  1281 | D:1      | Reached XP level 3. HP: 24/24 MP: 4/7
  1569 | D:1      | Reached skill level 1 in Short Blades
  2109 | D:2      | Learned a level 3 spell: Mephitic Cloud
  2606 | D:2      | Reached XP level 4. HP: 18/30 MP: 8/8
  2970 | D:2      | Reached skill level 1 in Invocations
  3293 | D:3      | Upgraded the game from 0.27.0-65-ge2af304b15 to 0.27.1
  3589 | D:3      | Noticed a necrophage
  3610 | D:3      | Killed a necrophage
  3611 | D:3      | Reached skill level 1 in Air Magic
  3611 | D:3      | Reached skill level 1 in Poison Magic
  3611 | D:3      | Reached XP level 5. HP: 7/35 MP: 1/9
  3874 | D:3      | Reached ** piety under Nemelex Xobeh
  3950 | D:3      | Killed from afar by an orc wizard

Illustrated notes

Levels and vault maps discovered:
D:1:      dpeg_arrival_yet_another_circle, layout_loops_corners,
          dreamdust_ecumenical_altar_drowned_temple, st_stairs_1
D:2:      layout_rooms
D:3:      layout_basic, chequers_hall_statues_wall_a, dk_noncrumbling_4,
          kennysheep_generic_room_15

Skill      XL: |  1  2  3  4 |
---------------+-------------+-----
Short Blades   | 1 2 |  2.0
Conjurations   | 2 |  2.0
Invocations    | 1 |  1.9
Summonings     | 2 |  2.0
Air Magic      | 1 |  1.2
Poison Magic   | 1 |  1.2
Dodging        | |  2.0
Stealth        | |  2.0
Spellcasting   | |  3.1
Translocations | |  1.0

Action                   |  1- 3 |  4- 6 || total
-------------------------+-------+-------++-------
Melee: Dagger            |    97 |    32 ||   129
 Cast: Magic Dart        |    44 |    37 ||    81
       Call Imp          |    14 |     6 ||    20
Invok: Draw Destruction  |       |     1 ||     1
       Draw Escape       |       |     1 ||     1
  Use: Scroll            |     4 |       ||     4
 Stab: Sleeping          |     2 |       ||     2
Armor: Robe              |    13 |     5 ||    18
Dodge: Dodged            |    54 |    18 ||    72
